[Event "ICC tourney 2298 (30 10)"]
[Site "Internet Chess Club"]
[Date "2021.01.10"]
[Round "2"]
[White "atjn494"]
[Black "solveur"]
[Result "0-1"]
[ICCResult "White resigns"]
[WhiteElo "1532"]
[BlackElo "1435"]
[Opening "Queen's bishop game"]
[ECO "D00"]
[NIC "QP.08"]
[Time "13:01:32"]
[PlyCount "88"]
[TimeControl "1800+10"]

1. d4 d5 2. Bf4 Nf6 3. Nf3 c6 4. e3 Bg4 5. c3 e6 6. Nbd2 Bd6 7. Bg3 Ne4 8.
Be2 Nxg3 9. hxg3 Nd7 10. Qc2 Bf5 11. Bd3 Bxd3 12. Qxd3 Nf6 13. O-O-O Qc7
14. Kb1 O-O-O 15. Ng5 h6 16. Ngf3 Rhe8 17. e4 dxe4 18. Nxe4 Nxe4 19. Qxe4
Kb8 20. Rhe1 f5 21. Qh4 f4 22. gxf4 Bxf4 23. Ne5 Bxe5 24. Rxe5 Rd5 25. Rde1
Rxe5 26. Rxe5 Qf7 27. Qg3 Ka8 28. Qe3 a6 29. Kc2 Qg6+ 30. Qe4 Qf6 31. f4
Rf8 32. g3 Qf7 33. Rxe6 Qh5 34. Qe2 Qf5+ 35. Qe4 Qh3 36. Re8+ Rxe8 37.
Qxe8+ Ka7 38. Qg6 Qg2+ 39. Kb3 Qd5+ 40. Kc2 Qg2+ 41. Kc1 Qf1+ 42. Kd2 Qf2+
43. Kd3 Qf1+ 44. Ke4 Qb1+ { White resigns } 0-1

[Event "ICC tourney 2298 (30 10)"]
[Site "Internet Chess Club"]
[Date "2021.01.10"]
[Round "2"]
[White "SoaringHawk24"]
[Black "Kokosnuss1000"]
[Result "1-0"]
[ICCResult "Black resigns"]
[WhiteElo "1440"]
[BlackElo "1600"]
[Opening "Two knights defense (Modern bishop's opening)"]
[ECO "C55"]
[NIC "IG.01"]
[Time "13:01:31"]
[PlyCount "49"]
[TimeControl "1800+10"]

1. e4 e5 2. Nf3 Nc6 3. Bc4 Nf6 4. d3 Be7 5. O-O O-O 6. c3 d6 7. h3 Na5 8.
Nbd2 Nxc4 9. Nxc4 Be6 10. Ne3 Rc8 11. Qc2 c6 12. Bd2 d5 13. Nxe5 Bd6 14.
exd5 cxd5 15. Nf3 Qd7 16. Ng5 Qc7 17. Nxe6 fxe6 18. Qb3 Nh5 19. Ng4 Nf4 20.
Bxf4 Bxf4 21. d4 Rf5 22. Rfe1 Rh5 23. Rxe6 Qf7 24. Rae1 Qg6 25. Rxg6 {
Black resigns } 1-0

[Event "ICC tourney 2298 (30 10)"]
[Site "Internet Chess Club"]
[Date "2021.01.10"]
[Round "2"]
[White "Kyriakos1301"]
[Black "chesslin"]
[Result "0-1"]
[ICCResult "White resigns"]
[WhiteElo "1550"]
[BlackElo "1765"]
[Opening "King's Indian: Andersson variation"]
[ECO "E92"]
[NIC "KI.18"]
[Time "13:02:13"]
[PlyCount "82"]
[TimeControl "1800+10"]

1. d4 g6 2. Nf3 Bg7 3. c4 d6 4. e4 Nf6 5. Nc3 O-O 6. Be2 e5 7. dxe5 dxe5 8.
Qxd8 Rxd8 9. Nxe5 Nxe4 10. Nxf7 Bxc3+ 11. bxc3 Kxf7 12. O-O Be6 13. Bb2 Na6
14. Bf3 Nac5 15. Ba3 Rd3 16. Rfe1 Rxc3 17. Bb2 Rxc4 18. Be2 Rc2 19. Be5 Rd8
20. f3 Nf6 21. Bf4 Nd3 22. Bxd3 Rxd3 23. a4 Nd5 24. Bg5 Nc3 25. Ra3 Rd1 26.
Rxd1 Nxd1 27. Rd3 Nc3 28. a5 Nd5 29. Rb3 Bc8 30. Rd3 c6 31. Rd4 Ra2 32. Bd8
Ke8 33. Bg5 Rxa5 34. Rh4 h5 35. Re4+ Kf7 36. g4 hxg4 37. fxg4 Be6 38. h4
Rb5 39. h5 gxh5 40. gxh5 Nf6 41. Rf4 Rxg5+ { White resigns } 0-1

[Event "ICC tourney 2298 (30 10)"]
[Site "Internet Chess Club"]
[Date "2021.01.10"]
[Round "2"]
[White "che2468"]
[Black "muzikmixer"]
[Result "0-1"]
[ICCResult "White checkmated"]
[WhiteElo "1433"]
[BlackElo "1633"]
[Opening "Pirc: Ufimtsev-Pytel variation"]
[ECO "B07"]
[NIC "QO.17"]
[Time "13:01:39"]
[PlyCount "48"]
[TimeControl "1800+10"]

1. d4 d6 2. Nc3 Nf6 3. e4 c6 4. Nf3 Bg4 5. Be2 e6 6. Bg5 Be7 7. O-O Bxf3 8.
Bxf3 d5 9. exd5 cxd5 10. Ne2 Nc6 11. b3 O-O 12. c4 dxc4 13. bxc4 Qa5 14.
Be3 Rfd8 15. Qb3 e5 16. d5 e4 17. dxc6 exf3 18. Nd4 Ne4 19. cxb7 Rab8 20.
Nc6 Qh5 21. Nxe7+ Kh8 22. Nc6 Qg4 23. g3 Qh3 24. Bh6 Qg2# { White
checkmated } 0-1

[Event "ICC tourney 2298 (30 10)"]
[Site "Internet Chess Club"]
[Date "2021.01.10"]
[Round "2"]
[White "SuperBlueSky"]
[Black "GrandWizard"]
[Result "0-1"]
[ICCResult "White checkmated"]
[WhiteElo "1562"]
[BlackElo "1806"]
[Opening "QGD Slav: 3.Nf3"]
[ECO "D11"]
[NIC "SL.01"]
[Time "13:01:37"]
[PlyCount "54"]
[TimeControl "1800+10"]

1. d4 d5 2. c4 c6 3. Nf3 h6 4. Nc3 Nf6 5. e3 Bg4 6. cxd5 Nxd5 7. Nxd5 Qxd5
8. Be2 e6 9. O-O Nd7 10. h3 Bh5 11. Qc2 Bg6 12. Bd3 Bxd3 13. Qxd3 Nc5 14.
Qc2 Ne4 15. Nd2 Nxd2 16. Bxd2 Bd6 17. Rfc1 Bc7 18. Bb4 O-O-O 19. a4 e5 20.
Qf5+ Qd7 21. Qxd7+ Rxd7 22. Bc3 exd4 23. Bxd4 f6 24. Bxa7 Be5 25. Rc2 Rhd8
26. Rac1 Rd1+ 27. Rxd1 Rxd1# { White checkmated } 0-1

[Event "ICC tourney 2298 (30 10)"]
[Site "Internet Chess Club"]
[Date "2021.01.10"]
[Round "2"]
[White "crazyhorse9"]
[Black "APBrain"]
[Result "0-1"]
[ICCResult "White resigns"]
[WhiteElo "1493"]
[BlackElo "1639"]
[Opening "Two knights defense (Modern bishop's opening)"]
[ECO "C55"]
[NIC "IG.01"]
[Time "13:02:00"]
[PlyCount "74"]
[TimeControl "1800+10"]

1. e4 e5 2. Nf3 Nc6 3. Bc4 Nf6 4. d3 Be7 5. O-O O-O 6. c3 d6 7. Nbd2 Na5 8.
Bb3 Nxb3 9. Qxb3 c5 10. Re1 a5 11. Nf1 Be6 12. Qd1 h6 13. Ng3 Qd7 14. Be3
Ng4 15. Bd2 f5 16. h3 f4 17. Nf5 Nf6 18. N3h4 Kh7 19. Nxe7 Qxe7 20. Nf3 g5
21. d4 cxd4 22. cxd4 Nd7 23. dxe5 dxe5 24. Bc3 g4 25. Nxe5 Nxe5 26. Bxe5
Qg5 27. Bc3 gxh3 28. Qf3 Bg4 29. Qd3 Rad8 30. Qc4 Be6 31. Qf1 Bc4 32. Bf6
Rxf6 33. Rad1 Bxf1 34. g3 h2+ 35. Kxh2 Qh5+ 36. Kg1 Qh3 37. Rxf1 f3 { White
resigns } 0-1

[Event "ICC tourney 2298 (30 10)"]
[Site "Internet Chess Club"]
[Date "2021.01.10"]
[Round "2"]
[White "vober6"]
[Black "DanielZahzouhi"]
[Result "1-0"]
[ICCResult "Black resigns"]
[WhiteElo "1876"]
[BlackElo "1573"]
[Opening "Sicilian: accelerated fianchetto, modern variation with Bc4"]
[ECO "B35"]
[NIC "SI.43"]
[Time "13:01:37"]
[PlyCount "71"]
[TimeControl "1800+10"]

1. e4 c5 2. Nf3 g6 3. d4 cxd4 4. Nxd4 Bg7 5. Nc3 Nc6 6. Be3 Nf6 7. Bc4 Nxe4
8. Nxe4 d5 9. Bb5 Bxd4 10. Bxc6+ bxc6 11. Qxd4 f6 12. Ng3 e5 13. Qc5 Qc7
14. O-O f5 15. f4 e4 16. Bd4 Rf8 17. Ne2 Ba6 18. Rfe1 Kd7 19. Kh1 Bxe2 20.
Be5 Qb6 21. Qd6+ Ke8 22. Qe6+ Kd8 23. Bf6+ Rxf6 24. Qxf6+ Kd7 25. Rxe2 d4
26. Rd1 c5 27. Qf7+ Kc6 28. Qxh7 Qxb2 29. Qxg6+ Kb5 30. Qxf5 d3 31. Qd7+
Ka5 32. Qc7+ Kb4 33. Qb7+ Kc3 34. Qxb2+ Kxb2 35. cxd3+ Kc3 36. dxe4 { Black
resigns } 1-0

[Event "ICC tourney 2298 (30 10)"]
[Site "Internet Chess Club"]
[Date "2021.01.10"]
[Round "2"]
[White "blueocean07"]
[Black "PStricker"]
[Result "0-1"]
[ICCResult "White checkmated"]
[WhiteElo "1605"]
[BlackElo "1519"]
[Opening "QGD: exchange, positional line"]
[ECO "D35"]
[NIC "QO.16"]
[Time "13:01:34"]
[PlyCount "62"]
[TimeControl "1800+10"]

1. d4 d5 2. c4 e6 3. Nc3 Nf6 4. cxd5 exd5 5. Bg5 Nbd7 6. Nf3 c6 7. e3 Bb4
8. Bd3 O-O 9. O-O h6 10. Bh4 Re8 11. Qb3 Bd6 12. Rac1 Qc7 13. Rfe1 a6 14.
e4 Bf4 15. Rc2 dxe4 16. Nxe4 Nxe4 17. Bxe4 g5 18. Bg3 Nf6 19. Bxf4 Qxf4 20.
g3 Qc7 21. d5 Rxe4 22. Rxe4 Nxe4 23. Re2 cxd5 24. Qxd5 Nf6 25. Qd4 Qc6 26.
Qd8+ Kg7 27. Re3 b6 28. Rc3 Qd7 29. Qxb6 Qd1+ 30. Kg2 Bh3+ 31. Kxh3 Qf1# {
White checkmated } 0-1

[Event "ICC tourney 2298 (30 10)"]
[Site "Internet Chess Club"]
[Date "2021.01.10"]
[Round "2"]
[White "AbruptFir"]
[Black "inbha"]
[Result "1-0"]
[ICCResult "Black checkmated"]
[WhiteElo "1520"]
[BlackElo "1283"]
[Opening "King's Indian: orthodox, 7...Nbd7"]
[ECO "E94"]
[NIC "KI.12"]
[Time "13:01:32"]
[PlyCount "159"]
[TimeControl "1800+10"]

1. d4 Nf6 2. c4 g6 3. Nc3 Bg7 4. e4 d6 5. Nf3 O-O 6. Be2 Nbd7 7. O-O e5 8.
d5 Nc5 9. Qc2 a5 10. Be3 Qe7 11. a3 Bd7 12. b4 axb4 13. axb4 Na6 14. b5 Nc5
15. Bxc5 dxc5 16. Qb2 Nh5 17. Rxa8 Rxa8 18. Ra1 Rxa1+ 19. Qxa1 Nf4 20. Qa8+
Bf8 21. Qxb7 Nxe2+ 22. Nxe2 Bg4 23. Ng3 h5 24. b6 cxb6 25. Qxe7 Bxe7 26.
Nxe5 Bd1 27. Nc6 Bg5 28. d6 Bg4 29. h3 Bd7 30. Ne5 Bc8 31. d7 Bb7 32. f4
Bd8 33. f5 h4 34. Nf1 g5 35. Nd2 f6 36. Nef3 Bc6 37. e5 Bxd7 38. e6 Bc6 39.
Kf2 Kf8 40. Ke3 Ke7 41. Ne4 Bc7 42. Nc3 Bf4+ 43. Kd3 Bc1 44. Nd5+ Bxd5 45.
cxd5 b5 46. Kc2 Bf4 47. Kb3 Kd6 48. Kc2 Bg3 49. Nd2 Be5 50. Ne4+ Kc7 51.
Nxc5 Kd6 52. Nb7+ Kc7 53. d6+ Kxb7 54. e7 Bxd6 55. e8=Q Be5 56. Qxb5+ Kc7
57. Kd3 Kd6 58. Ke4 Ke7 59. Qb7+ Kd6 60. Qf7 Kc6 61. Qe6+ Kc5 62. Qxe5+
fxe5 63. Kxe5 Kc6 64. Ke6 Kc5 65. f6 Kd4 66. f7 Ke4 67. f8=Q Kd4 68. Qf6+
Ke4 69. Qxg5 Kd3 70. Kd5 Kc3 71. Kc5 Kd3 72. Qxh4 Ke3 73. Qg3+ Kd2 74. Kd4
Ke2 75. Qd3+ Kf2 76. Qf3+ Ke1 77. g4 Kd2 78. Qf2+ Kd1 79. Kd3 Kc1 80. Qc2#
{ Black checkmated } 1-0

[Event "ICC tourney 2298 (30 10)"]
[Site "Internet Chess Club"]
[Date "2021.01.10"]
[Round "2"]
[White "RishiMurali"]
[Black "GAJones"]
[Result "1-0"]
[ICCResult "Black checkmated"]
[WhiteElo "1763"]
[BlackElo "1514"]
[Opening "Caro-Kann defense"]
[ECO "B10"]
[NIC "CK.01"]
[Time "13:01:36"]
[PlyCount "73"]
[TimeControl "1800+10"]

1. e4 c6 2. Nf3 d5 3. exd5 cxd5 4. d4 g6 5. c4 Nf6 6. cxd5 Nxd5 7. Nc3 e6
8. g3 Bg7 9. h4 Nc6 10. h5 Bd7 11. Bg2 Qb6 12. Na4 Qd8 13. h6 Bf6 14. O-O
O-O 15. Re1 b6 16. Ne5 Rc8 17. Bxd5 exd5 18. Nc3 Be6 19. a3 Bg5 20. Nb5
Bxc1 21. Rxc1 Nxe5 22. Rxc8 Bxc8 23. dxe5 a6 24. Nc3 Bb7 25. Qd4 Qe7 26.
Nxd5 Bxd5 27. Qxd5 Qe6 28. Qxe6 fxe6 29. Rd1 g5 30. Rd6 Rb8 31. Rxe6 Rb7
32. Kg2 a5 33. f4 gxf4 34. gxf4 b5 35. Rd6 b4 36. e6 bxa3 37. Rd8# { Black
checkmated } 1-0

[Event "ICC tourney 2298 (30 10)"]
[Site "Internet Chess Club"]
[Date "2021.01.10"]
[Round "2"]
[White "tidalwave09"]
[Black "blackjack721"]
[Result "1-0"]
[ICCResult "Black checkmated"]
[WhiteElo "1600"]
[BlackElo "1454"]
[Opening "QGD: Marshall defense"]
[ECO "A50"]
[NIC "QP.07"]
[Time "13:01:58"]
[PlyCount "65"]
[TimeControl "1800+10"]

1. d4 Nf6 2. c4 d5 3. cxd5 e6 4. dxe6 Bxe6 5. Nc3 c6 6. e4 Bb4 7. f3 Nbd7
8. Be3 O-O 9. Bd3 b5 10. Ne2 Bc4 11. Bc2 c5 12. O-O Qc7 13. a3 Ba5 14. dxc5
Ne5 15. b4 Rad8 16. Qe1 Bd3 17. Qb1 Bxb4 18. axb4 Bxc2 19. Qxc2 Rd3 20. Bf4
Rfd8 21. Nxb5 Qe7 22. Nd6 Nh5 23. Bxe5 Rxf3 24. Rxf3 Qxe5 25. Rxa7 f6 26.
Ng3 Nf4 27. Ngf5 Rxd6 28. Rxg7+ Kf8 29. cxd6 Nh3+ 30. gxh3 Qa1+ 31. Rf1 Qa8
32. Qc4 Qe8 33. Qg8# { Black checkmated } 1-0

[Event "ICC tourney 2298 (30 10)"]
[Site "Internet Chess Club"]
[Date "2021.01.10"]
[Round "2"]
[White "awakeprize"]
[Black "kevinsun"]
[Result "0-1"]
[ICCResult "White checkmated"]
[WhiteElo "1470"]
[BlackElo "1213"]
[Opening "Sicilian defense"]
[ECO "B30"]
[NIC "SI.31"]
[Time "13:01:34"]
[PlyCount "122"]
[TimeControl "1800+10"]

1. e4 c5 2. Nf3 Nc6 3. c3 g6 4. d4 cxd4 5. cxd4 Bg7 6. Nc3 d6 7. d5 Ne5 8.
Nxe5 Bxe5 9. Bb5+ Bd7 10. Qa4 Nf6 11. f4 Bxc3+ 12. bxc3 a6 13. Bxd7+ Qxd7
14. Qd4 O-O 15. O-O Rfc8 16. f5 Qc7 17. Bb2 Qc5 18. fxg6 hxg6 19. Qxc5 Rxc5
20. Ba3 Rc4 21. e5 dxe5 22. Bxe7 Nxd5 23. Bg5 Nxc3 24. Bf6 Re8 25. Rf3 Ne4
26. Bh4 g5 27. Be1 Nc5 28. Rf5 Ne4 29. Bg3 f6 30. Raf1 Kg7 31. Be1 Ra4 32.
h4 Re7 33. hxg5 fxg5 34. Bg3 Ra5 35. Kh2 Kg6 36. Rf8 Nxg3 37. Kxg3 Rxa2 38.
R1f6+ Kg7 39. Rf1 Ra4 40. R8f5 Re6 41. Rf7+ Kg6 42. Rxb7 Rf4 43. Rh1 Kf5
44. Rhh7 e4 45. Rhg7 e3 46. Rb1 e2 47. Re1 Kf6 48. Rc7 Rf1 49. Rcc1 Rxe1
50. Rxe1 a5 51. Kf2 a4 52. Kf3 a3 53. g4 a2 54. Kf2 Kg6 55. Rh1 e1=Q+ 56.
Rxe1 Rxe1 57. Kf3 a1=Q 58. Kg3 Rg1+ 59. Kh2 Rh1+ 60. Kg2 Qf1+ 61. Kg3 Rh3#
{ White checkmated } 0-1

[Event "ICC tourney 2298 (30 10)"]
[Site "Internet Chess Club"]
[Date "2021.01.10"]
[Round "2"]
[White "couchpotato26"]
[Black "MehPlayer"]
[Result "1-0"]
[ICCResult "Black resigns"]
[WhiteElo "1827"]
[BlackElo "1554"]
[Opening "Sicilian: Alapin's variation (2.c3)"]
[ECO "B22"]
[NIC "SI.46"]
[Time "13:07:35"]
[PlyCount "105"]
[TimeControl "1800+10"]

1. e4 c5 2. c3 d5 3. exd5 Qxd5 4. d4 Nf6 5. Nf3 Nc6 6. Bd3 Bg4 7. dxc5 e5
8. c4 Qd7 9. O-O e4 10. Re1 O-O-O 11. Be3 Bxf3 12. gxf3 exd3 13. Nc3 Qf5
14. Ne4 Nxe4 15. fxe4 Qxe4 16. Bg5 Qg6 17. Qg4+ Kb8 18. Qg3+ Kc8 19. Bxd8
Kxd8 20. Rad1 Qxg3+ 21. hxg3 Bxc5 22. Rxd3+ Kc7 23. a3 Rd8 24. Rf3 f6 25.
b4 Bd4 26. Rb3 a5 27. Kg2 axb4 28. axb4 Ra8 29. Re2 Be5 30. Rb1 Ra4 31. f4
Bd6 32. c5 Be7 33. b5 Bxc5 34. bxc6 bxc6 35. Rh1 h6 36. Rc1 Kb6 37. Rb2+
Rb4 38. Rxb4+ Bxb4 39. Kf3 Kb5 40. Ke4 c5 41. Kd3 Kc6 42. f5 Kd6 43. Ke4
Kc6 44. Rd1 Ba5 45. Rb1 Bc7 46. g4 Bb6 47. Ra1 c4 48. Ra8 Kb5 49. Rg8 Kb4
50. Rxg7 Kc3 51. Rg6 Bd4 52. Rxh6 Be5 53. g5 { Black resigns } 1-0

[Event "ICC tourney 2298 (30 10)"]
[Site "Internet Chess Club"]
[Date "2021.01.10"]
[Round "2"]
[White "UltimateDL"]
[Black "atharvamchess"]
[Result "1-0"]
[ICCResult "Black checkmated"]
[WhiteElo "1631"]
[BlackElo "1476"]
[Opening "Scotch: Schmidt variation"]
[ECO "C45"]
[NIC "SO.04"]
[Time "13:01:34"]
[PlyCount "125"]
[TimeControl "1800+10"]

1. e4 e5 2. Nf3 Nc6 3. d4 exd4 4. Nxd4 Nf6 5. Nc3 Bb4 6. Nxc6 dxc6 7. Qxd8+
Kxd8 8. Bd2 Be6 9. a3 Ba5 10. O-O-O Ke7 11. f3 Rhd8 12. Be2 h6 13. Nd5+
cxd5 14. Bxa5 b6 15. exd5 Nxd5 16. Bd2 c5 17. Rhe1 Kf8 18. Ba6 Nf6 19. Bf4
Rxd1+ 20. Rxd1 Bd7 21. Bd6+ Kg8 22. Be5 Be6 23. Bb7 Re8 24. Bxf6 gxf6 25.
Bc6 Rc8 26. Bd7 Rd8 27. Bxe6 Rxd1+ 28. Kxd1 fxe6 29. c4 Kg7 30. Ke2 Kg6 31.
Ke3 f5 32. f4 h5 33. h4 Kf6 34. Kf3 e5 35. fxe5+ Kxe5 36. g3 a6 37. Ke3 a5
38. b3 a4 39. bxa4 Ke6 40. Kf4 Kf6 41. a5 bxa5 42. a4 Kg6 43. Ke5 f4 44.
gxf4 Kf7 45. Kf5 Kg7 46. Ke6 Kg8 47. f5 Kf8 48. Kf6 Kg8 49. Ke7 Kg7 50. f6+
Kg6 51. f7 Kf5 52. f8=Q+ Ke4 53. Qd8 Kf4 54. Ke6 Kg4 55. Qg5+ Kf3 56. Ke5
Kf2 57. Qf4+ Ke1 58. Qe3+ Kf1 59. Kf4 Kg2 60. Qg3+ Kf1 61. Qh2 Ke1 62. Ke3
Kd1 63. Qd2# { Black checkmated } 1-0

[Event "ICC tourney 2298 (30 10)"]
[Site "Internet Chess Club"]
[Date "2021.01.10"]
[Round "2"]
[White "Fischeresque930"]
[Black "JoRDy2025"]
[Result "1-0"]
[ICCResult "Black resigns"]
[WhiteElo "1776"]
[BlackElo "1420"]
[Opening "Catalan: closed, Qc2 & b3"]
[ECO "E08"]
[NIC "CA.04"]
[Time "13:01:37"]
[PlyCount "105"]
[TimeControl "1800+10"]

1. c4 e6 2. d4 d5 3. g3 Nf6 4. Bg2 Be7 5. Nf3 O-O 6. Qc2 c6 7. O-O Nbd7 8.
b3 b6 9. Nc3 Bb7 10. e4 dxe4 11. Nxe4 Nxe4 12. Qxe4 Nf6 13. Qc2 Qc7 14. Rd1
Rad8 15. Bb2 Rfe8 16. Ne5 Bd6 17. f4 Nd7 18. Be4 g6 19. Qg2 Nxe5 20. dxe5
Bc5+ 21. Kh1 Bf8 22. g4 Bg7 23. h3 g5 24. fxg5 Bxe5 25. Bxh7+ Kxh7 26. Qe4+
Kg8 27. Qxe5 c5+ 28. Kh2 Qxe5+ 29. Bxe5 Bf3 30. Rf1 Rd2+ 31. Kg3 Bc6 32.
Rf2 Red8 33. Raf1 R8d3+ 34. Kh2 Rxf2+ 35. Rxf2 Rf3 36. Rd2 Kf8 37. Bb8 a6
38. Ba7 b5 39. Bxc5+ Kg7 40. Bd4+ Kg8 41. cxb5 Bxb5 42. Bf6 Rd3 43. Rc2 Bd7
44. Re2 Kf8 45. Rb2 Bb5 46. h4 Kg8 47. h5 Be8 48. Rc2 Rf3 49. Rc8 Kf8 50.
h6 Rf2+ 51. Kg3 Rf1 52. Kg2 Rf4 53. h7 { Black resigns } 1-0

[Event "ICC tourney 2298 (30 10)"]
[Site "Internet Chess Club"]
[Date "2021.01.10"]
[Round "2"]
[White "jvinamra"]
[Black "babu12020"]
[Result "0-1"]
[ICCResult "White checkmated"]
[WhiteElo "1292"]
[BlackElo "1860"]
[Opening "Queen's pawn, Mason variation"]
[ECO "D00"]
[NIC "QP.08"]
[Time "13:01:38"]
[PlyCount "160"]
[TimeControl "1800+10"]

1. d4 d5 2. Bf4 Nf6 3. e3 e6 4. Nf3 Bd6 5. Bg3 Bd7 6. Bd3 Bxg3 7. hxg3 c5
8. c3 Qb6 9. Qb3 c4 10. Qxb6 axb6 11. Bc2 Nc6 12. Nbd2 h6 13. e4 Ke7 14.
O-O b5 15. a3 Rhd8 16. Rfe1 Kf8 17. exd5 Nxd5 18. Ne4 Be8 19. Rac1 g6 20.
Ra1 Kg7 21. Nfd2 Nce7 22. g4 Nc8 23. g3 Nd6 24. Kg2 b6 25. Nxd6 Rxd6 26.
Ne4 Rdd8 27. g5 hxg5 28. Nxg5 Bc6 29. Be4 Kf6 30. Nf3 Ne7 31. Bxc6 Nxc6 32.
Re4 b4 33. cxb4 Nxb4 34. Rc1 Nd3 35. Rxc4 Nxb2 36. Rb4 Na4 37. d5 Nc3 38.
Red4 Nxd5 39. Rb3 Rdc8 40. Nd2 Rc2 41. Rf3+ Kg7 42. Rb3 Ra2 43. Nc4 Ra4 44.
Rxd5 exd5 45. Nxb6 R4xa3 46. Rxa3 Rxa3 47. Nxd5 Rd3 48. Ne3 Kf6 49. Kf3 Ra3
50. Kg2 Kg5 51. Kh3 f5 52. Nd5 Ra1 53. f4+ Kh6 54. Kh2 Rd1 55. Ne3 Re1 56.
Ng2 Ra1 57. Ne3 Kh5 58. Kg2 Re1 59. Kf3 Ra1 60. Kg2 Kh6 61. Kf3 Ra3 62. Kf2
Kg7 63. Ng2 Kf6 64. Ne3 Ke6 65. Nc4 Rc3 66. Ne3 Rb3 67. Kf3 Kd6 68. Kf2 Kc5
69. g4 Kd4 70. Nc2+ Ke4 71. gxf5 gxf5 72. Ne1 Kxf4 73. Ng2+ Ke4 74. Ne1
Rb2+ 75. Kg3 f4+ 76. Kg4 Re2 77. Nf3 Rg2+ 78. Kh3 Kxf3 79. Kh4 Rg8 80. Kh3
Rh8# { White checkmated } 0-1

[Event "ICC tourney 2298 (30 10)"]
[Site "Internet Chess Club"]
[Date "2021.01.10"]
[Round "2"]
[White "tricksterssbu"]
[Black "akshajp"]
[Result "1-0"]
[ICCResult "Black resigns"]
[WhiteElo "1631"]
[BlackElo "1389"]
[Opening "Sicilian: Pelikan (Lasker/Sveshnikov) variation"]
[ECO "B33"]
[NIC "SI.35"]
[Time "13:01:56"]
[PlyCount "161"]
[TimeControl "1800+10"]

1. e4 c5 2. Nf3 Nc6 3. d4 cxd4 4. Nxd4 Nf6 5. Nc3 e5 6. Ndb5 d6 7. Nd5 Nxd5
8. exd5 Ne7 9. Nc3 Ng6 10. Bd3 Be7 11. O-O f5 12. Ne2 O-O 13. c4 Bg5 14.
Ng3 Bxc1 15. Qxc1 e4 16. Be2 Qh4 17. f4 b6 18. Qe3 Qf6 19. Rab1 Bd7 20. Bd1
Rac8 21. b3 Rc5 22. Be2 Rfc8 23. Rfc1 a5 24. a4 Rb8 25. Bh5 Be8 26. Bxg6
Bxg6 27. Ne2 Be8 28. Nd4 Bd7 29. Rd1 Qf7 30. Qe2 Qe8 31. Nb5 Bxb5 32. axb5
Qe7 33. Ra1 Re8 34. Qe3 Rb8 35. Rdb1 Rbc8 36. Rc1 Qb7 37. Rc3 Qe7 38. Qd4
Rf8 39. Re1 Rf6 40. Ree3 g6 41. Rh3 Rf7 42. Rhg3 Qf6 43. Qxf6 Rxf6 44. Kf2
Rc7 45. Rge3 Ra7 46. Re1 a4 47. Ra1 a3 48. b4 Ra4 49. Rb3 Rf7 50. Raxa3
Rxa3 51. Rxa3 Rc7 52. Rc3 Kf7 53. Ke3 Ke7 54. Kd4 Kd7 55. Rh3 Kc8 56. Ra3
Kb7 57. g4 h6 58. gxf5 gxf5 59. Rg3 Re7 60. h3 h5 61. h4 Kc7 62. Ke3 Kb7
63. Rg5 Rf7 64. Rxh5 Rg7 65. Rg5 Rf7 66. h5 Kc7 67. h6 Kd7 68. Rg7 Ke7 69.
h7 Rxg7 70. h8=Q Kf6 71. Qf8+ Kg6 72. Qxd6+ Kh7 73. Qe5 Rg3+ 74. Ke2 Rg2+
75. Kf1 Ra2 76. Qxf5+ Kg8 77. Qxe4 Ra1+ 78. Kf2 Ra2+ 79. Ke3 Ra3+ 80. Kd4
Ra2 81. Ke5 { Black resigns } 1-0

[Event "ICC tourney 2298 (30 10)"]
[Site "Internet Chess Club"]
[Date "2021.01.10"]
[Round "2"]
[White "weakfish"]
[Black "loveEdinburgh"]
[Result "1/2-1/2"]
[ICCResult "Game drawn by repetition"]
[WhiteElo "1565"]
[BlackElo "1834"]
[Opening "Sicilian: Hungarian variation"]
[ECO "B27"]
[NIC "SI.43"]
[Time "13:01:33"]
[PlyCount "82"]
[TimeControl "1800+10"]

1. e4 c5 2. Nf3 g6 3. d4 cxd4 4. Nxd4 Bg7 5. Be3 Nc6 6. c3 Nf6 7. Nd2 d5 8.
Bb5 Bd7 9. Bxc6 bxc6 10. exd5 cxd5 11. O-O O-O 12. Re1 Qc7 13. h3 Rfe8 14.
N2f3 Rab8 15. Nb3 e6 16. Bd4 Ne4 17. Bxg7 Kxg7 18. Qd4+ Kg8 19. Ne5 Red8
20. Rad1 Be8 21. f3 Nd6 22. Qg4 Nc4 23. Nxc4 dxc4 24. Rxd8 Rxd8 25. Nd4 e5
26. Qg3 Qb6 27. Qxe5 Qxb2 28. Qa5 Qb6 29. Qg5 Rb8 30. Kh1 Qb2 31. Qe5 Qxc3
32. Qxb8 Qxe1+ 33. Kh2 a5 34. Qd8 Kg7 35. Qd5 c3 36. Qxa5 Qe3 37. Qd8 Qf4+
38. Kh1 Qc1+ 39. Kh2 Qf4+ 40. Kh1 Qc1+ 41. Kh2 Qf4+ { Game drawn by
repetition } 1/2-1/2

[Event "ICC tourney 2298 (30 10)"]
[Site "Internet Chess Club"]
[Date "2021.01.10"]
[Round "2"]
[White "SunnyCountry"]
[Black "mnm2"]
[Result "1/2-1/2"]
[ICCResult "Game drawn by repetition"]
[WhiteElo "1348"]
[BlackElo "1526"]
[Opening "Sicilian: Sozin, Leonhardt variation"]
[ECO "B88"]
[NIC "SI.26"]
[Time "13:01:47"]
[PlyCount "137"]
[TimeControl "1800+10"]

1. e4 c5 2. Nf3 d6 3. d4 cxd4 4. Nxd4 Nf6 5. Nc3 Nc6 6. Bc4 e6 7. Bg5 Be7
8. O-O O-O 9. Kh1 Nxe4 10. Bxe7 Nxc3 11. Nxc6 bxc6 12. Qxd6 Qxd6 13. Bxd6
Rd8 14. Be5 Nd5 15. Rad1 Bb7 16. Bb3 Ba6 17. Rfe1 Nb6 18. Rd4 c5 19. Rg4 g6
20. c4 Rd7 21. h4 h5 22. Rf4 Rad8 23. a4 Rd2 24. a5 Nd7 25. Bc3 Rd3 26. Bc2
Rd6 27. g4 hxg4 28. Rxg4 Bb7+ 29. Kg1 Re8 30. h5 Bf3 31. Rg3 Bxh5 32. Kg2
Kf8 33. b4 Rc6 34. Ba4 Rc7 35. Rd3 Re7 36. Be5 Nxe5 37. Rxe5 cxb4 38. Rd8+
Kg7 39. c5 Kf6 40. Re4 Rxc5 41. Rxb4 Rxa5 42. Rdd4 Rg5+ 43. Kf1 Bf3 44.
Rf4+ Rf5 45. Bc2 Rxf4 46. Rxf4+ Ke5 47. Rxf3 Rc7 48. Bd3 a5 49. Ke2 f5 50.
Re3+ Kf6 51. f4 a4 52. Re5 g5 53. Ra5 gxf4 54. Rxa4 e5 55. Ra6+ Kg5 56. Re6
e4 57. Bxe4 fxe4 58. Rxe4 Kf5 59. Rd4 Re7+ 60. Kf3 Re3+ 61. Kf2 Ke5 62. Ra4
Kf5 63. Kg2 Kg4 64. Kf2 Rf3+ 65. Kg2 Re3 66. Kf2 Rf3+ 67. Kg2 Rg3+ 68. Kf2
Rf3+ 69. Kg2 { Game drawn by repetition } 1/2-1/2

[Event "ICC tourney 2298 (30 10)"]
[Site "Internet Chess Club"]
[Date "2021.01.10"]
[Round "2"]
[White "tn285"]
[Black "ZYCON"]
[Result "1/2-1/2"]
[ICCResult "Game drawn by mutual agreement"]
[WhiteElo "1637"]
[BlackElo "1385"]
[Opening "Sicilian: dragon, classical, 9.Nb3"]
[ECO "B74"]
[NIC "SI.16"]
[Time "13:01:34"]
[PlyCount "127"]
[TimeControl "1800+10"]

1. e4 c5 2. Nf3 d6 3. d4 cxd4 4. Nxd4 Nf6 5. Nc3 g6 6. Be3 Bg7 7. Be2 O-O
8. O-O Nc6 9. Nb3 Be6 10. f4 Bh6 11. Bf3 Ne5 12. Bc1 Nxf3+ 13. Qxf3 Bg4 14.
Qf2 Bd7 15. h3 Bc6 16. Qh4 Bg7 17. f5 Qb6+ 18. Kh2 Qb4 19. a3 Qc4 20. Nd2
Qd4 21. Rf3 Qe5+ 22. Kh1 d5 23. exd5 Nxd5 24. Nc4 Qc7 25. Rg3 Nxc3 26. bxc3
b5 27. Bf4 Qd8 28. Ne5 Be4 29. Re1 Bxe5 30. Bxe5 Bxf5 31. Qh6 f6 32. Bd4
Bxc2 33. h4 Qd6 34. Bf2 Rf7 35. Rge3 e5 36. R3e2 Bf5 37. Qc1 a6 38. Rd1 Qc7
39. Qe3 Bg4 40. Red2 Bxd1 41. Rxd1 Rd7 42. Re1 Qc4 43. Rc1 Rd3 44. Qb6 Rxc3
45. Rxc3 Qxc3 46. Qb7 Qc8 47. Qd5+ Kg7 48. Qd6 Qd8 49. Qe6 a5 50. Bc5 Rb8
51. Be7 Qe8 52. Bxf6+ Kf8 53. Qd6+ Kf7 54. Bxe5 Rb6 55. Qc7+ Qe7 56. Qxb6
Qxe5 57. Qxa5 Kf6 58. Qb6+ Kf5 59. Qf2+ Qf4 60. Qc5+ Qe5 61. Qc2+ Qe4 62.
Qf2+ Qf4 63. Qc5+ Qe5 64. Qf2+ { Game drawn by mutual agreement } 1/2-1/2